MLB
OAKLAND ATHLETICS @ JACKSONVILLE BOMBERS
05/24/2042
 
TOP OF THE 1ST
Oakland Athletics batting - Pitching for Jacksonville Bombers : LHP Masami Ishikawa
Pitching: LHP Masami Ishikawa
Batting: RHB Ed Hicks 0-0: Called Strike
0-1: Ball
1-1: Called Strike
1-2: Foul Ball, location: 9LMF
1-2: Foul Ball, location: 5DF
1-2: DOUBLE (Line Drive, 78M, EV 86.3 MPH)
Batting: RHB Jesús García 0-0: SINGLE (Groundball, 6MD, EV 95.0 MPH)
Ed Hicks to third
Batting: RHB Héctor González 0-0: Ball
1-0: Called Strike
1-1: Ball
2-1: Foul Ball, location: 3SF
2-2: Ball
3-2: Base on Balls
Jesús García to second
Batting: RHB Devin Hogan 0-0: Called Strike
0-1: Foul Ball, location: 25F
0-2: Ball
1-2: Strikes out swinging
Batting: RHB Jody Dailey 0-0: Ball
1-0: Grounds into double play, 6-4-3 (Groundball, 56, EV 85.0 MPH)
Top of the 1st over - 0 runs, 2 hits, 0 errors, 2 left on base; Oakland 0 - Jacksonville 0
BOTTOM OF THE 1ST
Jacksonville Bombers batting - Pitching for Oakland Athletics : LHP Norberto Ramírez
Pitching: LHP Norberto Ramírez
Batting: LHB Dave Minor 0-0: Foul Ball, location: 7LDF
0-1: Ball
1-1: Bunt for hit to 15 - play at first, batter OUT! 1-3
Batting: RHB Jim Brown 0-0: Ground out 4-3 (Groundball, 34D, EV 100.0 MPH)
Batting: LHB Yoshihito Abe 0-0: Ball
1-0: Ball
2-0: Foul Ball, location: 5SF
2-1: Foul Ball, location: 2F
2-2: Ball
3-2: Foul Ball, location: 7LDF
3-2: Strikes out swinging
Bottom of the 1st over - 0 runs, 0 hits, 0 errors, 0 left on base; Oakland 0 - Jacksonville 0
TOP OF THE 2ND
Oakland Athletics batting - Pitching for Jacksonville Bombers : LHP Masami Ishikawa
Batting: RHB Jim Foxworthy 0-0: Called Strike
0-1: Ground out 5-3 (Groundball, 56, EV 93.1 MPH)
Batting: RHB Rob Bryant 0-0: Called Strike
0-1: Called Strike
0-2: Ball
1-2: Ground out 6-3 (Groundball, 6, EV 65.6 MPH)
Batting: RHB Stu Braun 0-0: Foul Ball, location: 5F
0-1: Ball
1-1: Foul Ball, location: 7LDF
1-2: Strikes out looking
Top of the 2nd over - 0 runs, 0 hits, 0 errors, 0 left on base; Oakland 0 - Jacksonville 0
BOTTOM OF THE 2ND
Jacksonville Bombers batting - Pitching for Oakland Athletics : LHP Norberto Ramírez
Batting: RHB Jeremie Gentileschi 0-0: Called Strike
0-1: Fly out, F9 (Flyball, 9D, EV 110.6 MPH)
Batting: RHB José Alonso 0-0: Ball
1-0: Foul Ball, location: 2F
1-1: Called Strike
1-2: Strikes out looking
Batting: LHB Héctor González 0-0: Ball
1-0: Called Strike
1-1: Called Strike
1-2: Foul Ball, location: 2F
1-2: Ball
2-2: Strikes out looking
Bottom of the 2nd over - 0 runs, 0 hits, 0 errors, 0 left on base; Oakland 0 - Jacksonville 0
TOP OF THE 3RD
Oakland Athletics batting - Pitching for Jacksonville Bombers : LHP Masami Ishikawa
Batting: SHB Jorge Montáñez 0-0: Foul Ball, location: 2F
0-1: Ball
1-1: Ball
2-1: Foul Ball, location: 5F
2-2: SINGLE (Groundball, P, EV 83.8 MPH) (infield hit)
Batting: RHB Ed Hicks 0-0: Called Strike
0-1: Foul Ball, location: 3FF
0-2: SINGLE (Groundball, 6MD, EV 97.5 MPH)
Jorge Montáñez to second
Batting: RHB Jesús García 0-0: Fly out, F8 (Line Drive, 8RM, EV 95.6 MPH)
Batting: RHB Héctor González 0-0: Called Strike
0-1: Called Strike
0-2: Strikes out looking
Batting: RHB Devin Hogan 0-0: Ball
Wild Pitch!
Jorge Montáñez to third
Ed Hicks to second
1-0: Ball
2-0: Ground out 1-3 (Groundball, 34S, EV 66.9 MPH)
Top of the 3rd over - 0 runs, 2 hits, 0 errors, 2 left on base; Oakland 0 - Jacksonville 0
BOTTOM OF THE 3RD
Jacksonville Bombers batting - Pitching for Oakland Athletics : LHP Norberto Ramírez
Batting: SHB Kevin Tucker 0-0: Foul Ball, location: 3FF
0-1: Ball
1-1: Foul Ball, location: 9LMF
1-2: Ball
2-2: Strikes out swinging
Batting: RHB Pat Mayer 0-0: Called Strike
0-1: Foul Ball, location: 3FF
0-2: Fly out, F8 (Line Drive, 8RD, EV 106.3 MPH)
Batting: LHB Juan Novoa 0-0: Fly out, F8 (Line Drive, 8RS, EV 108.8 MPH)
Bottom of the 3rd over - 0 runs, 0 hits, 0 errors, 0 left on base; Oakland 0 - Jacksonville 0
TOP OF THE 4TH
Oakland Athletics batting - Pitching for Jacksonville Bombers : LHP Masami Ishikawa
Batting: RHB Jody Dailey 0-0: Called Strike
0-1: Ball
1-1: Fly out, F3 (Popup, 3SF, EV 79.4 MPH)
Batting: RHB Jim Foxworthy 0-0: Ball
1-0: Ball
2-0: Ground out 6-3 (Groundball, 6, EV 86.3 MPH)
Batting: RHB Rob Bryant 0-0: Swinging Strike
0-1: Ball
1-1: Foul Ball, location: 5FF
1-2: Ball
2-2: Strikes out swinging
Top of the 4th over - 0 runs, 0 hits, 0 errors, 0 left on base; Oakland 0 - Jacksonville 0
BOTTOM OF THE 4TH
Jacksonville Bombers batting - Pitching for Oakland Athletics : LHP Norberto Ramírez
Batting: LHB Dave Minor 0-0: SINGLE (Groundball, 34S, EV 64.4 MPH) (infield hit)
Batting: RHB Jim Brown 0-0: Ball
1-0: Grounds into double play, 4-6-3 (Groundball, 4, EV 86.3 MPH)
Batting: LHB Yoshihito Abe 0-0: Foul Ball, location: 7LDF
0-1: Ball
1-1: Called Strike
1-2: SINGLE (Line Drive, 4MD, EV 96.3 MPH)
Batting: RHB Jeremie Gentileschi 0-0: Ball
1-0: Ball
2-0: Ball
3-0: Called Strike
3-1: Swinging Strike
3-2: Foul Ball, location: 9LSF
3-2: Foul Ball, location: 2F
3-2: Base on Balls
Yoshihito Abe to second
Batting: RHB José Alonso 0-0: Ball
1-0: Foul Ball, location: 3F
1-1: Foul Ball, location: 3FF
1-2: Strikes out swinging
Bottom of the 4th over - 0 runs, 2 hits, 0 errors, 2 left on base; Oakland 0 - Jacksonville 0
TOP OF THE 5TH
Oakland Athletics batting - Pitching for Jacksonville Bombers : LHP Masami Ishikawa
Batting: RHB Stu Braun 0-0: Ball
1-0: Ball
2-0: Ball
3-0: Called Strike
3-1: Swinging Strike
3-2: Strikes out swinging
Batting: SHB Jorge Montáñez 0-0: Called Strike
0-1: Foul Ball, location: 5F
0-2: Ball
1-2: Ground out 4-3 (Groundball, 4, EV 93.8 MPH)
Batting: RHB Ed Hicks 0-0: Called Strike
0-1: Ball
1-1: Swinging Strike
1-2: Foul Ball, location: 2F
1-2: Strikes out swinging
Top of the 5th over - 0 runs, 0 hits, 0 errors, 0 left on base; Oakland 0 - Jacksonville 0
BOTTOM OF THE 5TH
Jacksonville Bombers batting - Pitching for Oakland Athletics : LHP Norberto Ramírez
Batting: LHB Héctor González 0-0: Ball
1-0: Foul Ball, location: 5FF
1-1: Ball
2-1: Fly out, F9 (Flyball, 89D, EV 102.5 MPH)
Batting: SHB Kevin Tucker 0-0: Ball
1-0: Foul Ball, location: 9LMF
1-1: Called Strike
1-2: Foul Ball, location: 9LDF
1-2: Fly out, F5 (Popup, 56, EV 65.6 MPH)
Batting: RHB Pat Mayer 0-0: Swinging Strike
0-1: Called Strike
0-2: Ball
1-2: Ball
2-2: Ball
3-2: Strikes out swinging, 2-3 out at first.
Bottom of the 5th over - 0 runs, 0 hits, 0 errors, 0 left on base; Oakland 0 - Jacksonville 0
TOP OF THE 6TH
Oakland Athletics batting - Pitching for Jacksonville Bombers : LHP Masami Ishikawa
Batting: RHB Jesús García 0-0: Called Strike
0-1: Ball
1-1: Foul Ball, location: 2F
1-2: Fly out, F6 (Popup, 6S, EV 73.8 MPH)
Batting: RHB Héctor González 0-0: DOUBLE (Line Drive, 78XD, EV 102.5 MPH)
Batting: RHB Devin Hogan 0-0: DOUBLE (Line Drive, 3D, EV 96.9 MPH)
Héctor González scores
Batting: RHB Jody Dailey 0-0: Called Strike
0-1: Foul Ball, location: 9LSF
0-2: Ball
1-2: Ball
2-2: Ball
3-2: Base on Balls
Batting: RHB Jim Foxworthy 0-0: SINGLE (Groundball, 4M, EV 100.6 MPH) (infield hit)
Devin Hogan to third
Jody Dailey to second
Batting: RHB Rob Bryant 0-0: Fly out, F5 (Popup, 5S, EV 62.5 MPH)
Batting: RHB Stu Braun 0-0: Ball
1-0: Swinging Strike
1-1: Foul Ball, location: 2F
1-2: Ball
2-2: Foul Ball, location: 25FF
2-2: Ball
3-2: SINGLE (Groundball, 4, EV 89.4 MPH)
Devin Hogan scores
Jody Dailey to third
Jim Foxworthy to second
Jody Dailey scores
Jim Foxworthy to third
Batting: SHB Jorge Montáñez 0-0: Ball
1-0: Swinging Strike
1-1: Ball
2-1: DOUBLE (Line Drive, 9LD, EV 105.0 MPH)
Jim Foxworthy scores
Stu Braun to third
Batting: RHB Ed Hicks 0-0: Ball
1-0: Called Strike
1-1: Ball
2-1: Swinging Strike
2-2: Ball
3-2: Strikes out swinging
Top of the 6th over - 4 runs, 5 hits, 0 errors, 2 left on base; Oakland 4 - Jacksonville 0
BOTTOM OF THE 6TH
Jacksonville Bombers batting - Pitching for Oakland Athletics : LHP Norberto Ramírez
Batting: LHB Juan Novoa 0-0: Swinging Strike
0-1: Ball
1-1: Ball
2-1: Foul Ball, location: 2F
2-2: Ball
3-2: Strikes out swinging, 2-3 out at first.
Batting: LHB Dave Minor 0-0: Ball
1-0: Foul Ball, location: 5DF
1-1: Swinging Strike
1-2: Ball
2-2: Strikes out swinging
Batting: RHB Jim Brown 0-0: Called Strike
0-1: Ground out 4-3 (Groundball, 4, EV 88.1 MPH)
Bottom of the 6th over - 0 runs, 0 hits, 0 errors, 0 left on base; Oakland 4 - Jacksonville 0
TOP OF THE 7TH
Oakland Athletics batting - Pitching for Jacksonville Bombers : LHP Masami Ishikawa
Batting: RHB Jesús García 0-0: SINGLE (Groundball, 3D, EV 96.3 MPH)
Batting: RHB Héctor González 0-0: Called Strike
0-1: DOUBLE (Groundball, 5L, EV 110.0 MPH)
Jesús García to third
Batting: RHB Devin Hogan 0-0: Ball
1-0: Ball
Wild Pitch!
Jesús García scores
Héctor González to third
2-0: Ball
3-0: Called Strike
3-1: Called Strike
3-2: Foul Ball, location: 9LSF
3-2: SINGLE (Line Drive, 6M, EV 100.0 MPH)
Héctor González scores
Pitching: LHP Jesús Barrón
Batting: RHB Jody Dailey 0-0: Swinging Strike
0-1: Foul Ball, location: 2F
0-2: Grounds into double play, 6-4-3 (Groundball, 6, EV 79.4 MPH)
Batting: RHB Jim Foxworthy 0-0: Ball
1-0: Fly out, F4 (Popup, 4M, EV 62.5 MPH)
Top of the 7th over - 2 runs, 3 hits, 0 errors, 0 left on base; Oakland 6 - Jacksonville 0
BOTTOM OF THE 7TH
Jacksonville Bombers batting - Pitching for Oakland Athletics : LHP Norberto Ramírez
Batting: LHB Yoshihito Abe 0-0: Ball
1-0: Foul Ball, location: 2F
1-1: Swinging Strike
1-2: Foul Ball, location: 3SF
1-2: Foul Ball, location: 2F
1-2: Foul Ball, location: 5DF
1-2: Strikes out swinging
Batting: RHB Jeremie Gentileschi 0-0: Ball
1-0: Ball
2-0: Foul Ball, location: 3FF
2-1: Ball
3-1: Called Strike
3-2: Fly out, F8 (Flyball, 8RD, EV 106.3 MPH)
Batting: RHB José Alonso 0-0: Called Strike
0-1: DOUBLE (Line Drive, 7LS, EV 95.0 MPH)
Batting: LHB Héctor González 0-0: Fly out, F2 (Popup, 5SF, EV 73.1 MPH)
Bottom of the 7th over - 0 runs, 1 hit, 0 errors, 1 left on base; Oakland 6 - Jacksonville 0
TOP OF THE 8TH
Oakland Athletics batting - Pitching for Jacksonville Bombers : LHP Jesús Barrón
Batting: RHB Rob Bryant 0-0: Ball
1-0: Foul Ball, location: 3SF
1-1: Ball
2-1: Foul Ball, location: 3DF
2-2: Strikes out looking
Batting: RHB Stu Braun 0-0: Called Strike
0-1: Foul Ball, location: 7LMF
0-2: Strikes out swinging
Batting: SHB Jorge Montáñez 0-0: Ball
1-0: Called Strike
1-1: Swinging Strike
1-2: Foul Ball, location: 5FF
1-2: Strikes out swinging, 2-3 out at first.
Top of the 8th over - 0 runs, 0 hits, 0 errors, 0 left on base; Oakland 6 - Jacksonville 0
BOTTOM OF THE 8TH
Jacksonville Bombers batting - Pitching for Oakland Athletics : LHP Norberto Ramírez
Batting: SHB Kevin Tucker 0-0: Foul Ball, location: 25F
0-1: Ball
1-1: Called Strike
1-2: Foul Ball, location: 5DF
1-2: Fly out, F7 (Flyball, 7S, EV 92.5 MPH)
Pitching: RHP Tony O'Quinn
Batting: RHB Pat Mayer 0-0: Called Strike
0-1: Foul Ball, location: 9LMF
0-2: Ball
1-2: Foul Ball, location: 2F
1-2: Strikes out swinging
Batting: LHB Juan Novoa 0-0: Ball
1-0: Ball
2-0: Called Strike
2-1: Foul Ball, location: 7LDF
2-2: Foul Ball, location: 9LSF
2-2: Strikes out looking
Bottom of the 8th over - 0 runs, 0 hits, 0 errors, 0 left on base; Oakland 6 - Jacksonville 0
TOP OF THE 9TH
Oakland Athletics batting - Pitching for Jacksonville Bombers : LHP Jesús Barrón
Pitching: RHP Eli Clark
Batting: RHB Ed Hicks 0-0: Called Strike
0-1: SINGLE (Line Drive, 8RS, EV 83.8 MPH)
Batting: RHB Jesús García 0-0: Ball
1-0: Ground out U3 (Groundball, 3, EV 90.0 MPH)
Ed Hicks to second
Batting: RHB Héctor González 0-0: Ball
1-0: Fly out, F9 (Flyball, 9D, EV 105.0 MPH)
Runner from 2nd tags up, SAFE at 3rd, no throw by RF
Batting: RHB Devin Hogan 0-0: Ball
1-0: Ball
2-0: SINGLE (Line Drive, 4MD, EV 99.4 MPH)
Ed Hicks scores
Batting: RHB Jody Dailey 0-0: Ball
1-0: Foul Ball, location: 2F
1-1: Fly out, F9 (Flyball, 89M, EV 98.1 MPH)
Top of the 9th over - 1 run, 2 hits, 0 errors, 1 left on base; Oakland 7 - Jacksonville 0
BOTTOM OF THE 9TH
Jacksonville Bombers batting - Pitching for Oakland Athletics : RHP Tony O'Quinn
Batting: LHB Dave Minor 0-0: Foul Ball, location: 2F
0-1: Swinging Strike
0-2: Foul Ball, location: 5DF
0-2: Ball
1-2: Ball
2-2: Foul Ball, location: 3FF
2-2: Ground out U3 (Groundball, 3, EV 101.9 MPH)
Batting: RHB Jim Brown 0-0: Called Strike
0-1: Ball
1-1: Foul Ball, location: 2F
1-2: Foul Ball, location: 9LSF
1-2: Ground out 4-3 (Groundball, 34D, EV 96.3 MPH)
Pinch Hitting: RHB Al Griffin 0-0: Swinging Strike
0-1: Ball
1-1: Ground out 5-3 (Groundball, 56S, EV 80.6 MPH)
Bottom of the 9th over - 0 runs, 0 hits, 0 errors, 0 left on base; Oakland 7 - Jacksonville 0
Wednesday, May 1st , 2024 - OOTP Baseball 24.10 Build 82